 Dungeon Crawl Stone Soup version 0.31-a0-620-gd1cbd99268 (webtiles) character file.

Game seed: 16223811219272986626

134638 MacCMillion the Metamorph (level 16, 0/79 HPs)
             Began as a Felid Shapeshifter on Aug 22, 2023.
             Was an Initiate of Gozag.
             Hit by a boomerang thrown by a merfolk (18 damage)
             ... led by a merfolk javelineer
             ... on level 3 of the Shoals on Aug 23, 2023.
             The game lasted 02:43:06 (51687 turns).

MacCMillion the Metamorph (Felid Shapeshifter)     Turns: 51687, Time: 02:43:07

Health: 0/79       AC:  7    Str: 11    XL:     16   Next: 62%
Magic:  17/17      EV: 41    Int: 10    God:    Gozag
Gold:   5083       SH:  0    Dex: 24    Spells: 15/15 levels left
                                        Lives:  0   Deaths: 4

rFire   . .          .
                       - Unarmed
rCold   + . .        (shield unavailable)
rNeg    . . .        (body armour unavailable)
rPois   .            (helmet unavailable)
rElec   +            (cloak unavailable)
rCorr   .            (gloves unavailable)
SInv    +            (boots unavailable)
Will    ++...        U - amulet of the Air {Inacc Air Fly rElec RMsl}
Stlth   ++++         K - +5 ring of evasion
HPRegen 0.33/turn    i - +4 ring of protection
MPRegen 0.15/turn

%: inaccuracy (-5), repel missiles
@: blade hands, flying, quick
A: very small, claws 1, fangs 3, see invisible, speed 1, shaggy fur 3, (stealthy
paws), no weapons or thrown items, no armour, multi-lived
a: Begin Untransformation, Renounce Religion, Potion Petition, Call Merchant,
Bribe Branch


You were on level 3 of the Shoals.
You worshipped Gozag.
Gozag was greatly pleased with you.
You had blades for front paws.
You visited 6 branches of the dungeon, and saw 28 of its levels.

You collected 11396 gold pieces.
You spent 2199 gold pieces at shops.
You paid 4114 gold pieces to Gozag.

Inventory:

Jewellery
 a - a +4 ring of slaying
 c - a ring of willpower
 e - a +6 ring of strength
 f - an amulet of guardian spirit
 i - a +4 ring of protection (right blade hand)
 k - a ring of protection from fire
 o - a ring of wizardry
 r - an amulet of reflection
 s - a ring of poison resistance
 t - an amulet of regeneration
 J - a ring of positive energy
 K - a +5 ring of evasion (left blade hand)
 R - a +6 ring of dexterity
 U - the amulet of the Air (around neck) {Inacc Air Fly rElec RMsl}
   (You bought it in a shop on level 11 of the Dungeon)

   [amulet of nothing]

   Inacc:     It reduces the accuracy of your attacks and spells.
   Air:       It enhances your air magic.
   rElec:     It insulates you from electricity.
   Fly:       It grants you flight.
   RMsl:      It protects you from missiles.
Talismans
 b - a beast talisman
 p - a blade talisman (active)
 L - a serpent talisman
Wands
 x - a wand of paralysis (21)
 C - a wand of flame (6)
 G - a wand of acid (4)
 P - a wand of mindburst (20)
 T - a wand of polymorph (2)
 Y - a wand of iceblast (21)
Scrolls
 d - 5 scrolls of amnesia
 h - a scroll of butterflies
 m - 9 scrolls of teleportation
 u - 6 scrolls of fear
 y - a scroll of silence
 A - 5 scrolls of fog
 B - 2 scrolls of revelation
 D - 6 scrolls of noise
 I - 3 scrolls of immolation
 M - 4 scrolls of poison
 N - 2 scrolls of brand weapon
 Q - 2 scrolls of blinking
 W - 4 scrolls of vulnerability {unknown}
Potions
 g - 9 potions of curing
 j - 3 potions of attraction
 l - 2 potions of enlightenment
 n - 3 potions of mutation
 q - 2 potions of berserk rage
 v - 3 potions of brilliance
 w - 5 potions of haste
 z - 4 potions of degeneration
 E - 2 potions of magic
 F - 2 potions of lignification
 H - 2 potions of ambrosia
 O - 3 potions of resistance
 S - 4 potions of might
 V - 4 potions of heal wounds
 X - a potion of cancellation
 Z - a potion of invisibility


   Skills:
 - Level 14.0 Fighting
 - Level 17.7 Dodging
 - Level 8.0 Stealth
 - Level 13.5 Unarmed Combat
 - Level 5.0 Evocations
 + Level 18.9 Shapeshifting


You had 15 spell levels left.
You didn't know any spells.
Your spell library contained the following spells:

 Spells                   Type           Power      Damage    Failure   Level
 Apportation              Tloc           0%         N/A       36%         1
 Foxfire                  Conj/Fire      0%         2x1d4     36%         1
 Magic Dart               Conj           0%         1d3       36%         1
 Necrotise                Necr           0%         1d4       36%         1
 Shock                    Conj/Air       0%         1d3       36%         1
 Summon Small Mammal      Summ           0%         N/A       36%         1
 Call Imp                 Summ           0%         N/A       50%         2
 Cigotuvi's Dreadful Rot  Necr/Pois/Air  0%         N/A       50%         2
 Call Canine Familiar     Summ           0%         N/A       75%         3
 Dazzling Flash           Conj/Hex       0%         N/A       75%         3
 Frozen Ramparts          Ice            0%         1d1       75%         3
 Hailstorm                Conj/Ice       0%         3d3       75%         3
 Ignite Poison            Fire/Tmut/Pois 0%         N/A       75%         3
 Inner Flame              Hex/Fire       0%         N/A       75%         3
 Mephitic Cloud           Conj/Pois/Air  0%         N/A       75%         3
 Swiftness                Air            0%         N/A       75%         3
 Vhi's Electric Charge    Tloc/Air       0%         N/A       75%         3
 Volatile Blastmotes      Fire/Tloc      0%         2d10      75%         3
 Airstrike                Air            0%         2d(0-16)  98%         4
 Anguish                  Hex/Necr       0%         N/A       98%         4
 Cause Fear               Hex            0%         N/A       98%         4
 Flame Wave               Conj/Fire      0%         2d4       98%         4
 Leda's Liquefaction      Hex/Erth       0%         N/A       98%         4
 Petrify                  Tmut/Erth      0%         N/A       98%         4
 Sticky Flame             Conj/Fire      0%         2d3       98%         4
 Summon Ice Beast         Ice/Summ       0%         N/A       98%         4
 Alistair's Intoxication  Tmut/Pois      0%         N/A       100%        5
 Arcjolt                  Conj/Air       0%         1d10      100%        5
 Fireball                 Conj/Fire      0%         3d3       100%        5
 Freezing Cloud           Conj/Ice/Air   0%         6-21      100%        5
 Iskenderun's Battlesphe  Conj           0%         2d6       100%        5
 Metabolic Englaciation   Hex/Ice        0%         N/A       100%        5
 Leda's Unmaking          Conj/Erth      0%         9d1       100%        6
 Plasma Beam              Fire/Air       0%         2x1d10    100%        6
 Starburst                Conj/Fire      0%         6d3       100%        6
 Enfeeble                 Hex            0%         N/A       100%        7
 Haunt                    Necr/Summ      0%         N/A       100%        7
 Spellforged Servitor     Conj/Summ      0%         N/A       100%        7
 Maxwell's Capacitive Co  Air            0%         ∞         100%        8
 Dragon's Call            Summ           0%         N/A       100%        9
 Portal Projectile        Hex/Tloc       Unusable   N/A       N/A         3
 Simulacrum               Ice/Necr       Unusable   N/A       N/A         6

Dungeon Overview and Level Annotations

Branches:
Dungeon (15/15)            Temple (1/1) D:5            Lair (5/5) D:9
 Shoals (4/4) Lair:2        Snake (1/4) Lair:3        Slime (0/5) Lair:4
    Orc (2/2) D:11            Elf (0/3) Orc:2        Vaults (0/5) D:13
 Depths (0/4) D:15

Altars:
Ashenzari
Cheibriados
Dithmenos
Elyvilon
Fedhas
Gozag
Hepliaklqana
Kikubaaqudgha
Makhleb
Nemelex Xobeh
Okawaru
Qazlal
Ru
Sif Muna
Trog
Uskayaw
Vehumet
Wu Jian
Xom
Yredelemnul
Zin
The Shining One
Jiyva

Shops:
D:1 [   D:4 [   D:5 *   D:9 =   D:10 (*[   D:11 ?=   D:12 :   D:13 !   D:15 *
Orc:2 !?:[   Lair:2 !?

Annotations:
D:4 priest
D:5 ogre, 1 runed translucent door
D:7 Maggie
D:10 exclusion: door, Erolcha
D:13 1 runed translucent door, samai96's ghost, journeyman DrSh
Lair:3 1 runed translucent door, exclusion: hydra, disskorpion's ghost, journeyman FoGl
Lair:5 1 runed translucent door
Shoals:2 6 transporters
Shoals:3 1 runed translucent door, Nikola
Shoals:4 exclusion: door
Snake:1 1 transporter, 1 exclusion, Donald


Innate Abilities, Weirdness & Mutations

You have blades for front paws.
You have sharp claws.
You have razor-sharp teeth.
You have supernaturally acute eyesight. (SInv)
You cover ground quickly. (Speed+)
Your thick and shaggy fur keeps you warm. (AC +3, rC+)
((Your paws help you pounce on unaware monsters.))
You are incapable of wielding weapons or throwing items.
You cannot wear armour.
You gain extra lives every three experience levels.


Message History

z - 3 potions of degeneration (gained 1)
Found a quarterstaff.
z - 4 potions of degeneration (gained 1)
Found 13 gold pieces.
You see here 5 poisoned darts.
Found 21 gold pieces.
Found a helmet.
Found 24 gold pieces.
Found 3 stones.
A merfolk comes into view. It is wielding a +0 trident.
A merfolk comes into view. It is wielding a +0 trident.
The merfolk shouts!
The merfolk throws a boomerang.
The boomerang completely misses you.
A merfolk comes into view. It is wielding a +0 trident.
An alligator snapping turtle is nearby!
The alligator snapping turtle hisses angrily.
The merfolk throws a boomerang.
The boomerang completely misses you.
The merfolk throws a boomerang.
The boomerang completely misses you.
The merfolk throws a boomerang.
The boomerang completely misses you.
You start waiting.
A merfolk is nearby!
The merfolk completely misses you.
The merfolk throws a boomerang.
The boomerang barely misses you.
There is a stone staircase leading up here.
The merfolk throws a boomerang.
The boomerang completely misses you.
The merfolk throws a boomerang.
The boomerang barely misses you.
The merfolk throws a boomerang.
The boomerang completely misses you.
The merfolk throws a boomerang.
The boomerang completely misses you.
The alligator snapping turtle bites you from afar!!
There is a stone staircase leading up, spattered with blood here.
The merfolk hits you with a +0 trident!!
The alligator snapping turtle bites you from afar!
* * * LOW HITPOINT WARNING * * *
You fly upwards.
Level annotation: 1 runed translucent door, Nikola
There is a stone staircase leading down here.
The merfolk completely misses you.
The merfolk throws a boomerang.
The boomerang hits you!!
You die...
Your body crumbles into a pile of gold.

~~.~~~~≈≈≈≈≈≈≈~.....#...~~~≈≈≈≈≈≈
~..~~≈≈≈≈≈≈≈≈≈~....###..~~~~≈≈≈≈≈
...~~~~~≈≈≈≈≈~~....###....~~≈≈≈≈≈
~~~≈~~~~~≈~~~~~...........~~≈≈≈≈≈
~~~≈~~.~~~~~.~~~.~~....~~≈≈≈≈≈≈≈≈
..~~~...~~~~.~~~..~..[.~~≈~~~~~~~
≈~~~......~..~~~~....~.~~~~~~~~~~
≈≈≈~...........~~≈~..~..~~~>.~~~~
≈≈~.........~~~~@≈≈≈≈~~.~~~~..~~~
≈≈~......#....~~~≈≈≈≈~~.~~~.~~~~~
≈≈≈~~...##...m>~~≈≈≈~~~.~~...~~..
~~~.~~..###....~~≈≈≈~..~~....~...
~~~~~~~~....~~~~≈≈≈≈≈...~.~~~~...
~~~~~~≈≈....~~≈≈≈≈≈≈≈~..~~~~~~~~~
~~~~~~~..<..~~≈≈≈~~~≈≈~~~~~~~~~~~
~~~~~~~......~~≈≈~..~~≈~
.....~~......~~≈≈~.....~


You could see a merfolk.

Vanquished Creatures
  Jorgrun (D:15)
  A quicksilver dragon (shapeshifter) (D:15)
  Kirke (D:12)
  Nessos (Orc:2)
  Azrael (Orc:2)
  2 hydras
  Harold (D:9)
  An ogre mage (D:15)
  2 merfolk avatars
  A rakshasa (D:14)
  An alligator snapping turtle (Shoals:3)
  3 boulder beetles
  3 centaur warriors
  An anaconda (Snake:1)
  8 two-headed ogres
  A death knight (D:14)
  2 naga sharpshooters (Snake:1)
  A naga warrior (Snake:1)
  3 tengu warriors
  An orc high priest (Orc:1)
  Sonja (D:11)
  7 skysharks
  3 skeletal warriors
  Lodul (D:13)
  10 sea snakes
  A deep troll (D:15)
  3 lindwurms (Lair:5)
  7 orc knights (Orc:2)
  11 harpies
  Pikel (D:7)
  2 necromancers (D:15)
  2 deep elf pyromancers
  A harpy (shapeshifter) (D:13)
  6 cyclopes
  10 fauns
  9 ugly things
  A wolf spider (Lair:5)
  6 manticores
  17 black mambas
  2 merfolk sirens
  5 torpor snails
  19 elephants
  4 water nymphs
  A guardian serpent (Lair:5)
  Joseph (D:9)
  A naga mage (Snake:1)
  2 gargoyles
  16 cane toads
  An unseen horror (D:12)
  2 rime drakes
  9 komodo dragons
  A tengu conjurer (D:15)
  An anaconda simulacrum (Shoals:1)
  16 trolls
  4 polar bears
  3 merfolk
  3 wind drakes
  A tarantella (shapeshifter) (D:13)
  A merfolk (shapeshifter) (D:13)
  3 tyrant leeches (Lair:5)
  11 hornets
  9 dream sheep
  10 blink frogs
  12 snapping turtles
  3 slime creatures
  A yak (shapeshifter) (D:14)
  9 spriggans (Lair:1)
  3 wraiths
  2 water elementals
  68 yaks
  12 wyverns
  2 vampires (D:15)
  2 fire elementals (Orc:2)
  2 hogs (D:12)
  A minotaur simulacrum (Shoals:1)
  6 basilisks
  2 redbacks (Lair:5)
  A steam dragon (D:8)
  2 harpy simulacra (Shoals:1)
  6 nagas
  9 vampire mosquitoes
  3 wargs
  An acid dragon (D:12)
  2 hell hounds (Orc:1)
  27 water moccasins
  3 ice beasts
  3 black bears
  39 orc warriors
  19 wolves
  14 ogres
  2 lemures (D:9)
  24 centaurs
  A phantom (D:7)
  8 kobold brigands
  2 wyvern zombies (D:8)
  13 bullfrogs
  8 scorpions
  2 deep troll simulacra (Shoals:1)
  5 gnoll sergeants
  10 wights
  2 lindwurm simulacra (Shoals:1)
  12 killer bees
  5 howler monkeys
  An electric eel (Lair:2)
  3 centaur zombies (D:8)
  3 hounds
  22 orc priests
  A gnoll bouda (D:9)
  A sleepcap (D:7)
  2 iguanas
  7 hell rats
  23 orc wizards
  2 killer bee zombies (D:8)
  11 gnolls
  4 adders
  A shadow imp (D:7)
  2 ufetubi (D:4)
  3 worms
  9 dart slugs
  95 orcs
  9 bats
  6 endoplasms
  5 giant cockroaches
  6 goblins
  4 hobgoblins
  5 jackals
  4 quokkas
  5 ball pythons
  A frilled lizard (D:2)
  19 kobolds
  8 rats
  2 butterflies (D:5)
873 creatures vanquished.

Vanquished Creatures (others)
  A centaur warrior (D:14)
  A cyclops (D:14)
  A hog (shapeshifter) (D:14)
  An orc (D:12)
  A quokka (D:6)
5 creatures vanquished.

Grand Total: 878 creatures vanquished

Notes
Turn   | Place    | Note
-------+----------+-------------------------------------------
     0 | D:1      | MacCMillion the Felid Shapeshifter began the quest for the
                  | Orb.
     0 | D:1      | Reached XP level 1. HP: 9/9 MP: 2/2
   127 | D:1      | Reached skill level 1 in Stealth
   245 | D:1      | Reached XP level 2. HP: 12/12 MP: 3/3
   397 | D:1      | Found Extenec's Antique Armour Shop.
   691 | D:1      | Reached XP level 3. HP: 12/15 MP: 2/4
  1951 | D:3      | Found a broken altar of Ashenzari.
  1966 | D:3      | Reached XP level 4. HP: 19/19 MP: 5/5
  3083 | D:3      | Found a sparkling altar of Nemelex Xobeh.
  3205 | D:4      | Found Cusepla's Antique Armour Boutique.
  3635 | D:4      | Reached XP level 5. HP: 15/22 MP: 1/6
  3985 | D:4      | Reached skill level 1 in Evocations
  3985 | D:4      | Gained mutation: You are covered in thick fur. (AC +2)
                  | [Felid growth]
  3985 | D:4      | Reached XP level 6. HP: 27/27 MP: 5/7
  4252 | D:4      | Found a shimmering blue altar of Sif Muna.
  4378 | D:4      | You fall into a shaft and drop 2 floors!
  4398 | D:6      | Found a hide-covered altar of Uskayaw.
  4403 | D:5      | Entered Level 5 of the Dungeon
  4576 | D:5      | Found the +0 toga "Victory" {*Victory Clar}
  4925 | D:5      | Found a staircase to the Ecumenical Temple.
  5103 | D:5      | Found Gozag's Platinum Reserve.
  5257 | Temple   | Entered the Ecumenical Temple
  5313 | D:5      | Found an opulent altar of Gozag.
  5324 | D:5      | Became a worshipper of Gozag Ym Sagoz the Greedy
  6163 | D:6      | Found a sacrificial altar of Ru.
  6172 | D:6      | Reached skill level 5 in Dodging
  6195 | D:6      | Reached skill level 5 in Stealth
  6791 | D:7      | Found a glowing golden altar of the Shining One.
  6862 | D:7      | Noticed an ice beast
  6942 | D:7      | Noticed an ice beast
  6970 | D:7      | Reached XP level 7. HP: 31/31 MP: 8/8
  7396 | D:7      | Reached skill level 5 in Unarmed Combat
  7424 | D:7      | Noticed Maggie
  7453 | D:7      | Found a shimmering altar of Xom.
  7654 | D:7      | Reached XP level 8. HP: 30/36 MP: 6/9
  7765 | D:7      | Reached skill level 4 in Shapeshifting
  7796 | D:7      | Reached skill level 5 in Fighting
  8254 | D:8      | Noticed a two-headed ogre
  8842 | D:8      | Reached XP level 9. HP: 29/40 MP: 6/10
  8959 | D:8      | Killed a two-headed ogre
  8960 | D:8      | Reached skill level 5 in Shapeshifting
  9621 | D:9      | Noticed Pikel
  9842 | D:9      | Reached XP level 10. HP: 44/48 MP: 9/11
 10579 | D:9      | Found a staircase to the Lair.
 10656 | D:9      | Reached skill level 6 in Shapeshifting
 10850 | D:9      | Noticed Harold
 11169 | D:7      | Killed Pikel
 12065 | D:9      | Noticed a centaur warrior
 12098 | D:9      | Killed Harold
 12099 | D:9      | Reached skill level 10 in Dodging
 12099 | D:9      | Reached skill level 7 in Shapeshifting
 12116 | D:9      | Noticed Joseph
 12120 | D:9      | Killed a centaur warrior
 12121 | D:9      | Reached XP level 11. HP: 37/54 MP: 3/12
 12917 | D:9      | Killed Joseph
 13139 | D:10     | Entered Level 10 of the Dungeon
 13139 | D:10     | Noticed Erolcha
 13139 | D:10     | Found Tixacerch's Armour Shop.
 13283 | D:10     | Found Vudy's Magic Scroll Shop.
 13283 | D:10     | Noticed a two-headed ogre
 13290 | D:10     | Killed a two-headed ogre
 13296 | D:10     | Bought a scroll of noise for 12 gold pieces
 13296 | D:10     | Bought a scroll of identify for 24 gold pieces
 13296 | D:10     | Bought a scroll of identify for 24 gold pieces
 13296 | D:10     | Bought a scroll of teleportation for 36 gold pieces
 13296 | D:10     | Bought 2 scrolls of fog for 96 gold pieces
 13296 | D:10     | Bought a scroll of identify for 24 gold pieces
 13296 | D:10     | Bought a scroll of poison for 48 gold pieces
 13296 | D:10     | Bought a scroll of fear for 48 gold pieces
 13333 | D:10     | Noticed a deep elf pyromancer
 13333 | D:10     | Noticed an orc knight
 13368 | D:10     | Found a basalt altar of Yredelemnul.
 13412 | D:10     | Found a glowing silver altar of Zin.
 13455 | D:10     | Found Ziahubu's Weapon Emporium.
 13681 | D:10     | Found a hazy altar of Hepliaklqana.
 13878 | D:10     | Found Xibrem's Assorted Antiques.
 13881 | D:10     | Bought a scroll labelled QOETTU KEXZANUTT for 24 gold
                  | pieces
 13881 | D:10     | Bought a grey potion for 21 gold pieces
 13909 | D:10     | Found an iron altar of Okawaru.
 14015 | D:11     | Noticed Sonja
 14190 | D:6      | Found a white marble altar of Elyvilon.
 14432 | D:6      | Reached skill level 8 in Shapeshifting
 14896 | D:6      | Found a white marble altar of Elyvilon.
 14931 | D:6      | Found a sacrificial altar of Ru.
 15038 | D:6      | Found a hide-covered altar of Uskayaw.
 15907 | D:5      | Found a runed translucent door.
 15915 | D:5      | Found a runed translucent door.
 16110 | D:4      | Found a stormy altar of Qazlal.
 16212 | D:3      | Found a broken altar of Ashenzari.
 16261 | D:3      | Found a sparkling altar of Nemelex Xobeh.
 17623 | D:5      | Reached skill level 10 in Fighting
 18129 | Lair:1   | Entered Level 1 of the Lair of Beasts
 18565 | Lair:1   | Reached skill level 9 in Shapeshifting
 19321 | Lair:1   | Reached skill level 5 in Evocations
 19334 | Lair:1   | Gained mutation: Your thick and shaggy fur keeps you warm.
                  | (AC +3, rC+) [Felid growth]
 19334 | Lair:1   | Reached XP level 12. HP: 47/58 MP: 9/13
 20522 | Lair:1   | Reached skill level 10 in Unarmed Combat
 20802 | Lair:2   | Found a staircase to the Shoals.
 22027 | Lair:3   | Found a runed translucent door.
 22033 | Lair:3   | Identified the +4 spear "Quda" {flame, +Blink Dex+3}
 22066 | Lair:3   | Noticed disskorpion's ghost (journeyman FoGl)
 22458 | Lair:3   | Got the Papyrus of Necromancy
 22575 | Lair:3   | Found a staircase to the Snake Pit.
 23104 | Lair:3   | Reached XP level 13. HP: 64/64 MP: 14/14
 25059 | Lair:4   | Found a viscous altar of Jiyva.
 25060 | Lair:4   | Found a staircase to the Slime Pits.
 25599 | Lair:5   | Entered Level 5 of the Lair of Beasts
 26424 | Lair:5   | Reached skill level 10 in Shapeshifting
 26910 | Lair:5   | Mangled by a hornet
 27609 | D:11     | Found a staircase to the Orcish Mines.
 27887 | D:9      | Reached XP level 14. HP: 69/69 MP: 15/15
 28010 | D:11     | Killed Sonja
 29309 | D:12     | Found Iraoxt's Book Shop.
 29448 | D:12     | Noticed Kirke
 29474 | D:12     | Killed Kirke
 29475 | D:12     | Reached skill level 15 in Dodging
 30311 | Orc:1    | Entered Level 1 of the Orcish Mines
 30446 | Orc:2    | Entered Level 2 of the Orcish Mines
 30446 | Orc:2    | Noticed Azrael
 30455 | D:11     | Bought a ring of fire for 275 gold pieces
 30574 | Orc:2    | Killed Azrael
 30811 | Orc:2    | Found a staircase to the Elven Halls.
 30833 | Orc:2    | Noticed Nessos
 30842 | Orc:2    | Killed Nessos
 32279 | Orc:2    | Reached skill level 11 in Shapeshifting
 34125 | Orc:2    | Found Qestuosuq's Magic Scroll Shop.
 34125 | Orc:2    | Found Vexkun's Book Shoppe.
 34125 | Orc:2    | Found Yppuelo's Antique Armour Emporium.
 34128 | Orc:2    | Found Tikkigit's Distillery.
 34132 | Orc:2    | Bought a scroll of acquirement for 572 gold pieces
 34132 | Orc:2    | Acquired 1146 gold pieces
 34142 | Orc:2    | Bought a potion of heal wounds for 50 gold pieces
 34142 | Orc:2    | Bought a potion of heal wounds for 50 gold pieces
 34142 | Orc:2    | Bought a potion of resistance for 100 gold pieces
 34298 | Orc:2    | HP: 1/85 [orc knight/+2 war axe of freezing (16)]
 34298 | Orc:2    | Slain by an orc knight
 35949 | Lair:5   | Found a runed translucent door.
 36082 | Lair:5   | Paralysed by a hornet for 3 turns
 36221 | Lair:5   | Reached XP level 15. HP: 53/75 MP: 11/16
 36462 | Lair:5   | Reached skill level 12 in Shapeshifting
 38034 | D:13     | Noticed Lodul
 38144 | D:13     | Found Ciuph's Distillery.
 38152 | D:13     | Bought a potion of haste for 130 gold pieces
 38200 | D:13     | Killed Lodul
 38325 | D:13     | Found a runed translucent door.
 38327 | D:13     | Noticed samai96's ghost (journeyman DrSh)
 38451 | D:13     | Found a gate to the Vaults.
 39570 | D:14     | Reached skill level 13 in Shapeshifting
 40132 | D:14     | Found a shimmering altar of Xom.
 40560 | D:15     | Entered Level 15 of the Dungeon
 40642 | D:15     | Noticed Jorgrun
 40952 | D:15     | Killed Jorgrun
 41238 | D:15     | Found Geirhiach's Blood Bar.
 41263 | D:15     | Reached skill level 14 in Shapeshifting
 41397 | D:15     | Found a staircase to the Depths.
 42245 | D:15     | Noticed an iron giant
 42250 | D:15     | an iron giant changed into a shadow dragon
 42250 | D:15     | Noticed a shadow dragon (glowing shapeshifter)
 42251 | D:15     | a shadow dragon changed into a quicksilver dragon
 42251 | D:15     | Noticed a quicksilver dragon (glowing shapeshifter)
 42254 | D:15     | a quicksilver dragon changed into a dire elephant
 42255 | D:15     | a dire elephant changed into a quicksilver dragon
 42255 | D:15     | Noticed a quicksilver dragon (glowing shapeshifter)
 42265 | D:15     | Killed a quicksilver dragon
 43063 | Snake:1  | Entered Level 1 of the Snake Pit
 43349 | Snake:1  | Reached skill level 15 in Shapeshifting
 43487 | Snake:1  | Noticed a nagaraja
 43505 | Snake:1  | Noticed a nagaraja
 43746 | Snake:1  | Found a transporter.
 43779 | Snake:1  | Noticed a nagaraja
 43779 | Snake:1  | Noticed a nagaraja
 43783 | Snake:1  | Found a radiant altar of Vehumet.
 43858 | Snake:1  | Identified the ring of Lady Luck {Drain rC+ rN+ Str+3}
 44104 | Snake:1  | Reached XP level 16. HP: 79/79 MP: 17/17
 44215 | Snake:1  | Noticed Donald
 44449 | Snake:1  | Demolished by Donald
 44501 | Snake:1  | Reached skill level 16 in Shapeshifting
 44501 | Snake:1  | Upgraded the game from 0.31-a0-614-gc85dc1c48c to
                  | 0.31-a0-620-gd1cbd99268
 44572 | Lair:2   | Bought a scroll of teleportation for 42 gold pieces
 44581 | Shoals:1 | Entered Level 1 of the Shoals
 45004 | Shoals:1 | Found a frozen archway.
 45082 | Shoals:1 | Reached skill level 17 in Shapeshifting
 45261 | Shoals:1 | Killed from afar by a water nymph
 45669 | D:11     | Bought the amulet of the Air {Inacc Air Fly rElec RMsl} for
                  | 413 gold pieces
 45669 | D:11     | Found the amulet of the Air {Inacc Air Fly rElec RMsl}
 46316 | Lair:2   | Bought a potion of haste for 210 gold pieces
 48585 | Shoals:2 | Found a transporter.
 48587 | Shoals:2 | Found a transporter.
 48613 | Shoals:2 | Reached skill level 18 in Shapeshifting
 48701 | Shoals:2 | Found a transporter.
 48707 | Shoals:2 | Found a transporter.
 49142 | Shoals:2 | Found a transporter.
 49145 | Shoals:2 | Found a transporter.
 50001 | Shoals:3 | Found a runed translucent door.
 50214 | Shoals:3 | Noticed Nikola
 50778 | Shoals:4 | Entered Level 4 of the Shoals
 51687 | Shoals:3 | Hit by a boomerang thrown by a merfolk

Illustrated notes

Levels and vault maps discovered:
D:1:      psy_arrival_conway, layout_loops_ring, serial_shops, shop
D:2:      layout_basic
D:3:      kennysheep_slugbush, layout_loops_ring,
          nicolae_overflow_crystal_walls, mainiacjoe_overflow_alcove_4,
          kennysheep_generic_room_5
D:4:      layout_layer_cave, kennysheep_mini_moat,
          nicolae_sif_muna_little_library, serial_shops,
          nicolae_shop_temple_entry_statues_fountains, minmay_misc_feat_encased
D:5:      lemuel_insect_pit, layout_basic, nicolae_gozag_zags_fifth_avenue,
          minmay_temple_entry_sparse_star
D:6:      layout_layer_cave, nicolae_uskayaw_dance_hall, elyvilon_altar_4,
          nicolae_ru_awakened_eye, corexii_item_surrounded_by_moat
D:7:      layout_basic, old_standard_altar, general_overflow_altar, uniq_maggie
D:8:      minmay_bubble_buster, layout_cave_pools, serial_undead,
          serial_undead_e, serial_undead_a, serial_undead_b, serial_undead_a
D:9:      hangedman_cross_stitches, layout_long_grid,
          due_lair_maze_entry_diamond, serial_rivers,
          chequers_serial_rivers_room_a, chequers_serial_rivers_marsh,
          chequers_serial_rivers_large_b, chequers_serial_rivers_small_b,
          chequers_serial_rivers_micro_c, serial_bayou_pond_d, uniq_pikel,
          uniq_harold, uniq_joseph
D:10:     layout_roguey, nicolae_hepliaklqana_hazy_memory, okawaru_humans,
          mainiacjoe_overflow_surrounded_room, zin_statuary, serial_shops,
          nicolae_shop_behind_doors, shop, shop,
          nicolae_shop_bloodbath_and_beyond, minmay_evil_grid, uniq_erolcha
D:11:     layout_cave_pools, kennysheep_orc_monster_closet_entryway, uniq_sonja
D:12:     nicolae_hitomezashi [nicolae_hito_row, nicolae_hito_row,
          nicolae_hito_row, nicolae_hito_row, nicolae_hito_row,
          nicolae_hito_row, nicolae_hito_row, nicolae_hito_row,
          nicolae_hito_row, nicolae_hito_row, nicolae_hito_row,
          nicolae_hito_row, nicolae_hito_row, nicolae_hito_row,
          nicolae_hito_row, nicolae_hito_row, nicolae_hito_row,
          nicolae_hito_row], layout_basic, serial_shops,
          nicolae_book_shop_shelving, kennysheep_nub,
          dreamdust_mushroom_princess, nicolae_twisty_statue_hallways,
          uniq_kirke
D:13:     layout_gridville, david_vaults_2, ebering_ghost_inner_flame,
          serial_shops, shop, uniq_lodul
D:14:     layout_rooms, xom_confusion_cloud
D:15:     hangedman_depths_entry_civil_slaughter, layout_long_grid,
          guppyfry_shop_blood, uniq_jorgrun
Temple:   hellmonk_temple_micro_hex
Lair:1:   kb_forest_paths, layout_regular_city, lemuel_fruit_fields
Lair:2:   layout_misc_corridors, elwin_shoals_entry_rocks,
          infiniplex_staircase_pool
Lair:3:   layout_chaotic_city, nicolae_snake_entry_squirm,
          ebering_ghost_funeral_grove, chequers_serial_rivers_large_a,
          pdpol_lair_neglected_garden, wad_woods_road_04
Lair:4:   layout_regular_city, dpeg_slime_entry_enclosed, grunt_megastairs_2
Lair:5:   hangedman_lair_tendril_chambers, layout_regular_city, wormcave,
          nzn_sisyphean_effort
Shoals:1: layout_shoals, portal_ice_cave_entry_ice_simulacra
Shoals:2: layout_shoals, serial_nicolae_subway, nicolae_sub_station_stone,
          nicolae_sub_station_metal, nicolae_sub_station_crystal
Shoals:3: layout_shoals, ebering_ghost_reflecting_pool, uniq_nikola
Shoals:4: shoals_end_simple, layout_shoals, nicolae_shoals_lost_giant_baths
Snake:1:  gammafunk_sealed_library, layout_grid_shapes, serial_shops, shop,
          serial_bayou_shore_a, uniq_donald, uniq_roxanne
Orc:1:    layout_caves, lightli_orcish_oven
Orc:2:    st_orc_rangers, layout_diamond_mine, uniq_azrael, uniq_nessos

Skill      XL: |  1  2  3  4  5  6  7  8  9 10 11 12 13 14 15 16 |
---------------+-------------------------------------------------+-----
Dodging        | 3 4 5 6 7 8 10 11 13 14 16 17 | 17.7
Stealth        | 1 2 3 4 5 6 7 8 |  8.0
Unarmed Combat | 4 5 6 8 9 11 13 | 13.5
Fighting       | 2 3 4 6 8 9 10 11 12 14 | 14.0
Evocations     | 1 5 |  5.0
Shapeshifting  | 4 5 7 9 10 11 15 18 | 18.9

Action                     |  1- 3 |  4- 6 |  7- 9 | 10-12 | 13-15 | 16-18 || total
---------------------------+-------+-------+-------+-------+-------+-------++-------
  Melee: Unarmed           |    82 |   172 |   228 |   785 |  1509 |   388 ||  3164
         Bite              |     5 |    18 |    26 |   107 |   185 |    66 ||   407
         Punch             |     3 |     6 |     9 |    65 |   134 |    33 ||   250
         Constrict         |       |       |       |       |    93 |       ||    93
 Invoke: Call Merchant     |       |       |       |       |     3 |     2 ||     5
  Evoke: Wand              |       |       |     2 |     8 |       |     8 ||    18
    Use: Potion            |       |     2 |       |     6 |     3 |     2 ||    13
         Scroll            |       |     2 |     2 |     7 |    14 |     2 ||    27
   Stab: Distracted        |     1 |     1 |     3 |     3 |    21 |     2 ||    31
         Sleeping          |     5 |     4 |     9 |    16 |    14 |     8 ||    56
         Paralysed         |       |       |     1 |     1 |       |       ||     2
         Confused          |       |       |       |       |     1 |       ||     1
 Armour: Skin              |    10 |    30 |    20 |   161 |   192 |    25 ||   438
  Dodge: Dodged            |    46 |   107 |   208 |   703 |  1603 |   626 ||  3293
         Repelled          |       |       |       |       |       |     1 ||     1
   Form: Blade             |       |       |       |     3 |     5 |       ||     8
         Anaconda          |       |       |       |     2 |     5 |       ||     7

Table legend: (Time is in decaauts)
 A = Elapsed time spent in this place.
 B = Non-inter-level travel time spent in this place.
 C = Inter-level travel time spent in this place.
 D = Time resting spent in this place.
 E = Time spent auto-exploring this place.
 F = Levels seen in this place.
 G = Mean time per level.
                   A        B        C        D        E       F      G
               +--------+--------+--------+--------+--------+-----+--------+
         Total |  45978 |  43133 |   2845 |  16816 |  12675 |  28 | 1642.1 |
       Dungeon |  23529 |  21661 |   1868 |   6578 |   8098 |  15 | 1568.6 |
        Temple |      1 |      1 |      0 |      0 |      0 |   1 |    1.0 |
          Lair |  11007 |  10359 |    648 |   4377 |   2984 |   5 | 2201.4 |
        Shoals |   5940 |   5859 |     81 |   3167 |    741 |   4 | 1485.0 |
     Snake Pit |   1049 |   1049 |      0 |    377 |    140 |   1 | 1049.0 |
  Orcish Mines |   4450 |   4204 |    246 |   2315 |    711 |   2 | 2225.0 |
               +--------+--------+--------+--------+--------+-----+--------+

Top non-repeatable levels by time:
   Orc:2: 3203 daAuts
  Lair:5: 2846 daAuts
     D:8: 2631 daAuts
  Lair:3: 2595 daAuts
Shoals:1: 2397 daAuts
     D:9: 2330 daAuts
  Lair:4: 2133 daAuts
     D:6: 2045 daAuts
  Lair:1: 1839 daAuts
    D:15: 1816 daAuts
     D:7: 1782 daAuts
     D:3: 1712 daAuts
  Lair:2: 1593 daAuts
Shoals:3: 1587 daAuts
     D:5: 1519 daAuts
